 Dungeon Crawl Stone Soup version 0.20-a0-269-g17f5411 (webtiles) character file.

94 tboon the Charmwright (level 4, -2/30 HPs)
             Began as a High Elf Skald on Dec 8, 2016.
             Slain by a goblin
             ... wielding a +2 vampiric dagger
             ... led by Robin
              (8 damage)
             ... on level 2 of the Dungeon.
             The game lasted 00:07:44 (2539 turns).

tboon the Charmwright (High Elf Skald)              Turns: 2539, Time: 00:07:44

Health: -2/30      AC:  4    Str: 11    XL:     4   Next: 38%
Magic:  6/9        EV: 12    Int: 16    God:
Gold:   97         SH:  0    Dex: 15    Spells: 7/8 levels left

rFire  . . .     SeeInvis .     a - +0 short sword
rCold  . . .     Gourm    .     b - +0 leather armour
rNeg   . . .     Faith    .     (no shield)
rPois  .         Spirit   .     m - +0 helmet
rElec  .         Reflect  .     (no cloak)
rCorr  .         Harm     .     (no gloves)
MR     .....                    (no boots)
Stlth  +.........               (no amulet)
                                (no ring)
                                (no ring)

@: infused
A: no striking features
a: no special abilities


You were on level 2 of the Dungeon.
You were not hungry.

You visited 1 branch of the dungeon, and saw 2 of its levels.

You collected 97 gold pieces.

Inventory:

Hand Weapons
 a - a +0 short sword (weapon)
Armour
 b - a +0 leather armour (worn)
 m - a +0 helmet (worn)
   (You found it on level 2 of the Dungeon)
Jewellery
 l - an uncursed amulet of regeneration {unknown}
   (You found it on level 1 of the Dungeon)
 p - an uncursed ring of protection from fire {unknown}
   (You found it on level 2 of the Dungeon)
Scrolls
 f - 2 scrolls of remove curse {unknown}
 g - 2 scrolls of noise {unknown}
 h - 2 scrolls of identify {unknown}
 i - 2 scrolls of magic mapping {unknown}
Potions
 e - a potion of heal wounds {unknown}
 n - a potion of experience {unknown}
Books
 c - a book of Battle
Comestibles
 d - a bread ration
 j - a royal jelly
 k - a meat ration
 o - 10 chunks of flesh


   Skills:
 + Level 2.3 Fighting
 + Level 3.6 Short Blades
 + Level 1.6 Armour
 + Level 2.0 Dodging
 + Level 2.8 Spellcasting
 + Level 4.3 Charms


You had 7 spell levels left.
You knew the following spells:

 Your Spells              Type           Power        Failure   Level  Hunger
a - Infusion              Chrm           ###.         4%          1    #......


Dungeon Overview and Level Annotations

Branches:
Dungeon (2/15)

Altars:

Annotations:
D:2 Robin


Message History

You hit the giant cockroach.
You kill the giant cockroach!
You hit the hobgoblin.
The hobgoblin is severely wounded.
The hobgoblin barely misses you.
You hit the hobgoblin.
You kill the hobgoblin!
A goblin comes into view. It is wielding a club.
Some of the chunks of flesh in your inventory have rotted away.
You see here a club.
The goblin shouts!
The goblin closely misses you.
You hit the goblin.
You kill the goblin!
Things that are here:
a club; a goblin corpse You butcher the goblin corpse.
o - 12 chunks of flesh (gained 3)
Things that are here:
a club; a goblin skeleton Some of the chunks of flesh in your inventory have rotted away.
p - a gilded ring A giant cockroach comes into view.
You hit the giant cockroach.
The giant cockroach is severely wounded.
The giant cockroach barely misses you.
You hit the giant cockroach.
You kill the giant cockroach! 4 goblins, a hobgoblin and Robin come into view.
A goblin is wielding a vampiric dagger.
The hobgoblin shouts!
The goblin shouts! x3; Robin shouts!
You hit the goblin.
The goblin is heavily wounded.
The goblin closely misses you.
You hit the goblin.
You kill the goblin!
You hit the goblin.
The goblin is moderately wounded.
The goblin hits you with a club.
You hit the goblin but do no damage.
The goblin is moderately wounded.
You hit the goblin but do no damage.
The goblin is moderately wounded.
The goblin hits you with a club.
You barely miss the goblin.
The goblin is moderately wounded.
The goblin barely misses you.
You hit the goblin.
You kill the goblin!
Robin throws the goblin at you! The goblin barely misses you.
You closely miss the goblin.
Robin hits you from afar with a trident.
The goblin hits you.
You hit the goblin.
You kill the goblin!
Robin barely misses you.
A goblin comes into view. It is wielding a dagger.
The goblin shouts!
Robin throws the goblin at you!
You see here a club.
You hit Robin.
Robin is moderately wounded.
The goblin barely misses you. Robin misses you.
You closely miss Robin.
Robin is moderately wounded.
The goblin hits you but does no damage.
Robin roars a battlecry!
The goblins go into a battle-frenzy!
You hit Robin.
Robin is heavily wounded.
The goblin closely misses you. Robin closely misses you.
You hit Robin.
Robin is severely wounded.
The goblin misses you.
You hit Robin but do no damage.
Robin is severely wounded.
The goblin hits you with a vampiric dagger.
Your leather armour prevents you from hitting the hobgoblin.
Robin hits you but does no damage. The goblin hits you but does no damage.
The hobgoblin hits you.
You closely miss Robin.
Robin is severely wounded.
Robin hits you with a trident.
* * * LOW HITPOINT WARNING * * *
The goblin hits you but does no damage.
Casting: Infusion
Confirm with . or Enter, or press ? or * to list all spells.
You begin infusing your attacks with magical energy.
The hobgoblin closely misses you. Robin hits you with a trident.
* * * LOW HITPOINT WARNING * * *
The goblin closely misses you.
You hit Robin.
Robin is severely wounded.
The hobgoblin hits you.
* * * LOW HITPOINT WARNING * * *
Robin hits you but does no damage.
You hit Robin.
Robin is almost dead.
The goblin hits you with a vampiric dagger!
You die...

#.#
#.#######
#.#
#.).....#
#.#
#######..
#.# ###
#.# #.#
#.#
######.#
#g@g†..#
#g####.#
###### #g
#.#
...... #.
.#.
...... #.
# .. #.
### #.
.#.######
#.
.........
.#.##.##.


You could see Robin, a hobgoblin and 2 goblins.

Vanquished Creatures
  2 adders (D:2)
  2 oozes
  A dart slug (D:1)
  2 worms (D:2)
  4 leopard geckos
  5 bats
  5 giant cockroaches
  9 goblins
  5 hobgoblins
  3 jackals (D:2)
  7 kobolds
  A ball python (D:2)
  A frilled lizard (D:2)
  5 rats
52 creatures vanquished.

Notes
Turn   | Place    | Note
-------+----------+-------------------------------------------
     0 | D:1      | tboon the High Elf Skald began the quest for the Orb.
     0 | D:1      | Reached XP level 1. HP: 14/14 MP: 4/4
    95 | D:1      | Reached skill level 1 in Armour
   361 | D:1      | Reached XP level 2. HP: 19/19 MP: 6/6
   486 | D:1      | Reached skill level 3 in Short Blades
   925 | D:1      | Reached skill level 4 in Charms
  1073 | D:1      | Reached XP level 3. HP: 24/24 MP: 7/7
  1710 | D:2      | HP: 6/24 [poisoned by an adder]
  2236 | D:2      | Reached XP level 4. HP: 28/29 MP: 4/9
  2338 | D:2      | Reached skill level 2 in Dodging
  2518 | D:2      | Noticed Robin
  2537 | D:2      | HP: 7/30 [Robin/trident (2)]
  2539 | D:2      | Slain by a goblin

Vault maps used:
D:1:      eino_arrival_tree_alley
D:2:      first_bread, minivault_26, uniq_robin

Skill      XL: |  1  2  3  4 |
---------------+-------------+-----
Armour         | 1 |  1.6
Short Blades   | 3 |  3.6
Charms         | 4 |  4.3
Dodging        | 2 |  2.0
Fighting       | |  2.3
Spellcasting   | |  2.8

Action                   |  1- 3 |  4- 6 || total
-------------------------+-------+-------++-------
Melee: Short sword       |   155 |    59 ||   214
 Cast: Infusion          |     7 |     1 ||     8
 Stab: Sleeping          |       |     1 ||     1
  Eat: Chunk             |     4 |     1 ||     5
Armor: Leather armour    |    32 |    14 ||    46
Dodge: Dodged            |   106 |    34 ||   140

Vault maps used:
D:1:      eino_arrival_tree_alley
D:2:      first_bread, minivault_26, uniq_robin

Table legend:
 A = Turns spent in this place as a percentage of turns spent in the entire game.
 B = Non-inter-level travel turns spent in this place as a percentage of non-inter-level travel turns spent in the entire game.
 C = Inter-level travel turns spent in this place as a percentage of turns spent in this place.
 D = Turns resting spent in this place as a percentage of non-inter-level travel turns spent in this place.
 E = Turns spent auto-exploring this place as a percentage of non-inter-level travel turns spent in this place.
 F = Non-inter-level travel turns spent in this place divided by the number of levels of this place that you've seen.
                   A       B       C       D       E      F
               +-------+-------+-------+-------+-------+----------------------
         Total | 100.0 | 100.0 |   0.2 |   5.9 |   9.0 | 278.5
       Dungeon | 100.0 | 100.0 |   0.2 |   5.9 |   9.0 | 278.5
               +-------+-------+-------+-------+-------+----------------------

Table legend:
 A = Kills in this place as a percentage of kills in entire the game.
 B = Kills by you in this place as a percentage of kills by you in the entire game.
 C = Kills by friends in this place as a percentage of kills by friends in the entire game.
 D = Other kills in this place as a percentage of other kills in the entire game.
 E = Experience gained in this place as a percentage of experience gained in the entire game.
 F = Experience gained in this place divided by the number of levels of this place that you have seen.
                   A       B       C       D       E      F
               +-------+-------+-------+-------+-------+----------------------
         Total | 100.0 | 100.0 |  -nan |  -nan | 100.0 |  67.5
       Dungeon | 100.0 | 100.0 |  -nan |  -nan | 100.0 |  67.5
               +-------+-------+-------+-------+-------+----------------------
